 Dungeon Crawl Stone Soup version 0.20.1-1-g8b1a95d66d (webtiles) character file.

2036 NullDivider the Covert (level 9, -14/59 HPs)
             Began as an Octopode Artificer on Dec 8, 2017.
             Was a Believer of Nemelex Xobeh.
             Demolished by a wolf (15 damage)
             ... led by Grum
             ... on level 8 of the Dungeon on Dec 10, 2017.
             The game lasted 00:38:04 (8033 turns).

NullDivider the Covert (Octopode Artificer)         Turns: 8033, Time: 00:38:04

Health: -14/59     AC:  1    Str: 12    XL:     9   Next: 24%
Magic:  13/13      EV: 16    Int: 13    God:    Nemelex Xobeh [**....]
Gold:   520        SH:  0    Dex: 15    Spells: 8/8 levels left

rFire    + + .     SeeInvis .   N - +1 dagger (chaos)
rCold    + . .     Gourm    .   (no shield)
rNeg     + + .     Faith    .   F - -2 hat of the Alchemist {rElec rPois rF+ rC+ rN+ MR+ rMut rCorr}
rPois    +         Spirit   .   (no amulet)
rElec    +         Reflect  .   u - +2 ring of protection
rCorr    +         Harm     .   y - ring of wizardry
rMut     +                      C - ring of protection from fire
MR       ++...                  H - ring of positive energy
Stlth    +++++.....             J - ring of protection from magic
Regen    0.2/turn               (no ring)
MPRegen  0.2/turn               (no ring)
                                (no ring)

@: no status effects
A: almost no armour, stealthy swim, amphibious, 8 rings, constrict 8, camouflage
1, gelatinous body 1
a: Renounce Religion


You were on level 8 of the Dungeon.
You worshipped Nemelex Xobeh.
Nemelex Xobeh was pleased with you.
You were not hungry.

You visited 2 branches of the dungeon, and saw 9 of its levels.

You collected 532 gold pieces.
You spent 12 gold pieces at shops.

Inventory:

Hand Weapons
 N - a +1 dagger of chaos (weapon)
Armour
 F - the -2 hat of the Alchemist (worn) {rElec rPois rF+ rC+ rN+ MR+ rMut rCorr}
   (You found it on level 4 of the Dungeon)

   It protects you from fire.
   It protects you from cold.
   It insulates you from electricity.
   It protects you from poison.
   It protects you from negative energy.
   It affects your resistance to hostile enchantments.
   It protects you from acid and corrosion.
   It protects you from mutation.
Jewellery
 s - an uncursed amulet of harm
 u - a +2 ring of protection (left tentacle)
 y - a ring of wizardry (right tentacle)
 C - a ring of protection from fire (on tentacle)
 H - a ring of positive energy (on tentacle)
 J - a ring of protection from magic (on tentacle)
Wands
 b - a wand of flame (0/48)
 c - a wand of enslavement (14/24)
 d - a wand of random effects (14/48)
 i - a wand of confusion (4/48)
 G - a wand of disintegration (0/24)
 O - a wand of confusion (24/48)
 Q - a wand of lightning (6/15)
Scrolls
 e - 7 scrolls of teleportation
 j - 5 scrolls of remove curse
 k - a scroll of identify
 o - 4 scrolls of recharging
 r - 2 scrolls of amnesia {unknown}
 z - 2 scrolls of blinking
 D - 2 scrolls of fog {unknown}
 I - a scroll of enchant weapon {unknown}
Potions
 a - a potion of berserk rage {unknown}
 g - 3 potions of curing
 h - 2 potions of lignification {unknown}
 l - a potion of agility {unknown}
 n - a potion of might {unknown}
 q - a potion of heal wounds {unknown}
 t - a potion of brilliance {unknown}
 A - 2 potions of mutation {unknown}
 B - 3 potions of magic
 K - a potion of experience {unknown}
Books
 v - a book of Changes

   Spells                             Type                      Level
   a - Beastly Appendage              Transmutation                1
   b - Sticks to Snakes               Transmutation                2
   c - Spider Form                    Transmutation/Poison         3
   d - Ice Form                       Ice/Transmutation            4
   e - Blade Hands                    Transmutation                5
 w - a book of Debilitation

   Spells                             Type                      Level
   a - Corona                         Hexes                        1
   b - Slow                           Hexes                        2
   c - Inner Flame                    Hexes/Fire                   3
   d - Portal Projectile              Hexes/Translocation          3
   e - Cause Fear                     Hexes                        4
   f - Leda's Liquefaction            Hexes/Earth                  4
Miscellaneous
 E - a plain deck of escape
 L - a legendary deck of destruction
 M - a plain deck of summoning {drawn: 2}
Comestibles
 f - 5 bread rations
 m - 4 meat rations
 p - 7 fruits
 x - a royal jelly
 P - 9 chunks of flesh


   Skills:
 + Level 4.7 Fighting
 + Level 4.8 Short Blades
 + Level 5.3 Dodging
 * Level 9.6 Stealth
 + Level 6.1 Evocations


You had 8 spell levels left.
You didn't know any spells.

Dungeon Overview and Level Annotations

Branches:
Dungeon (8/15)             Temple (1/1) D:4
   Lair: D:8-11

Altars:
Ashenzari
Dithmenos
Elyvilon
Fedhas
Hepliaklqana
Kikubaaqudgha
Makhleb
Nemelex Xobeh
Okawaru
Qazlal
Ru
Sif Muna
Trog
Uskayaw
Vehumet
Xom
Yredelemnul
Zin
The Shining One

Shops:
D:7 ?

Annotations:
D:8 Grum


Innate Abilities, Weirdness & Mutations

You cannot wear most types of armour.
You are very stealthy in the water. (Stealth+)
You are amphibious.
You can wear up to eight rings at the same time.
You can use your tentacles to constrict eight enemies at once.
Your skin changes colour to match your surroundings (Stealth+).
Your rubbery body absorbs attacks. (AC +1, EV +1)


Message History

The wolf misses you.
Grum hits your hell hound with an enchanted spear!
You hit the wolf but do no damage.
The wolf flickers and vanishes!
Deactivating autopickup; reactivate with Ctrl-A.
You squeeze something. You constrict something.
Your hell hound bites Grum but does no damage.
Something closely misses you. Grum closely misses your hell hound.
You hit something. You constrict something. Something barely misses you.
Your hell hound bites Grum.
Something bites you!
* * * LOW HITPOINT WARNING * * *
Your hell hound barely misses Grum.
The sky beast flickers out of sight!
You release your grip on something.
Something barely misses you.
Grum shouts, "Duke!
Good boy!"
Grum hits your hell hound with an enchanted spear.
Your hell hound barely misses Grum.
Something bites you!
* * * LOW HITPOINT WARNING * * *
Your hellwing hits something! Your hellwing misses something.
Something bites you!
You die...
Your body glows slightly and disappears.

#.[..?...#
#<........#
#........#
#...[.....#
#......$.#
#.......... #{h#
#........). ##g#
#.........# #.###
#........<. #.h4#
#.........#
###.#####
#.........#
#..@..####........##
#####.##...#>....##
#....####.####
.######.........#
........#######...
..####### #. .#


You could see a friendly hell hound.

Vanquished Creatures
  Sigmund (D:2)
  2 sky beasts (D:5)
  An ice beast (D:4)
  A phantom (D:5)
  2 ogres
  A centaur (D:5)
  4 bullfrogs
  2 orc wizards
  2 scorpions (D:5)
  The ghost of qepasa the Sneak, a weakling FoEn (D:4)
  2 howler monkeys
  A bullfrog zombie (D:6)
  A centaur zombie (D:6)
  2 hounds (D:6)
  A jelly (D:5)
  An orc priest (D:5)
  A bullfrog skeleton (D:6)
  An iguana (D:4)
  6 worker ants
  A hound zombie (D:5)
  4 gnolls
  7 adders
  A white imp (D:7)
  2 adder zombies
  2 dart slugs (D:2)
  7 worms
  6 leopard geckos
  13 orcs
  8 bats
  3 giant cockroaches
  13 goblins
  3 hobgoblins
  7 jackals
  4 kobolds
  7 quokkas
  7 ball pythons
  4 frilled lizards
  2 jackal skeletons
  A quokka skeleton (D:5)
  7 rats
142 creatures vanquished.

Vanquished Creatures (collateral kills)
  A wolf (D:8)
  2 orcs
3 creatures vanquished.

Vanquished Creatures (others)
  An ogre (D:5)
1 creature vanquished.

Grand Total: 146 creatures vanquished

Notes
Turn   | Place    | Note
-------+----------+-------------------------------------------
     0 | D:1      | NullDivider the Octopode Artificer began the quest for the Orb.
     0 | D:1      | Reached XP level 1. HP: 13/13 MP: 3/3
   163 | D:1      | Reached XP level 2. HP: 14/18 MP: 4/4
   165 | D:1      | Reached skill level 2 in Stealth
   746 | D:1      | Reached XP level 3. HP: 13/23 MP: 5/5
  1089 | D:2      | Reached skill level 3 in Stealth
  1161 | D:2      | Noticed Sigmund
  1171 | D:2      | Killed Sigmund
  1171 | D:2      | Reached skill level 4 in Stealth
  1171 | D:2      | Reached XP level 4. HP: 21/29 MP: 5/7
  1171 | D:2      | Reached XP level 5. HP: 25/34 MP: 5/8
  1600 | D:2      | Reached XP level 6. HP: 33/39 MP: 9/9
  1608 | D:2      | Reached skill level 5 in Stealth
  1723 | D:2      | Found a white marble altar of Elyvilon.
  2422 | D:3      | Found a bloodstained altar of Trog.
  2705 | D:3      | Found a basalt altar of Yredelemnul.
  2894 | D:4      | Found a staircase to the Ecumenical Temple.
  2897 | D:4      | Noticed qepasa's ghost (weakling FoEn)
  2914 | D:4      | Killed qepasa's ghost
  2920 | Temple   | Entered the Ecumenical Temple
  2926 | Temple   | Became a worshipper of Nemelex Xobeh the Trickster
  3213 | D:4      | Reached skill level 6 in Stealth
  3213 | D:4      | Reached XP level 7. HP: 39/45 MP: 10/10
  3588 | D:4      | Received a gift from Nemelex Xobeh
  3917 | D:5      | Entered Level 5 of the Dungeon
  4197 | D:5      | Reached skill level 7 in Stealth
  4197 | D:5      | Reached skill level 5 in Evocations
  4416 | D:5      | Reached XP level 8. HP: 22/52 MP: 11/11
  4990 | D:5      | Reached skill level 8 in Stealth
  5082 | D:5      | Reached * piety under Nemelex Xobeh
  5573 | D:5      | Received a gift from Nemelex Xobeh
  6161 | D:6      | Found a blossoming altar of Fedhas.
  6372 | D:6      | Found a shimmering altar of Xom.
  6419 | D:6      | Received a gift from Nemelex Xobeh
  6427 | D:6      | Reached skill level 9 in Stealth
  6445 | D:6      | Reached skill level 5 in Dodging
  6540 | D:6      | Reached XP level 9. HP: 59/59 MP: 13/13
  6683 | D:7      | Found Kuolih's Magic Scroll Shoppe.
  6701 | D:7      | Bought a scroll of random uselessness for 12 gold pieces
  6704 | D:7      | Reached ** piety under Nemelex Xobeh
  8014 | D:8      | Noticed Grum
  8032 | D:8      | HP: 1/59 [something (15)]
  8033 | D:8      | Demolished by a wolf

Skill      XL: |  1  2  3  4  5  6  7  8  9 |
---------------+----------------------------+-----
Stealth        | 2 4 6 7 9 |  9.6
Fighting       | 2 3 4 |  4.7
Short Blades   | 2 3 4 |  4.8
Evocations     | 4 5 6 |  6.1
Dodging        | 3 5 |  5.3

Action                   |  1- 3 |  4- 6 |  7- 9 || total
-------------------------+-------+-------+-------++-------
Melee: Short sword       |    49 |    69 |       ||   118
       Constrict         |    13 |    28 |    32 ||    73
       Tentacles         |     5 |    22 |    56 ||    83
       Dagger            |       |    35 |   250 ||   285
Evoke: Wand              |     3 |     6 |    23 ||    32
       Deck              |       |       |     2 ||     2
  Use: Scroll            |       |       |     8 ||     8
 Stab: Sleeping          |     9 |    11 |    27 ||    47
       Distracted        |       |     2 |       ||     2
       Confused          |       |       |     2 ||     2
  Eat: Chunk             |     1 |     6 |    14 ||    21
       Fruit             |       |       |     1 ||     1
Armor: Skin              |     6 |     2 |     7 ||    15
Dodge: Dodged            |    40 |    46 |   115 ||   201
